 Dungeon Crawl Stone Soup version 0.29.1-15-g9cfb28693d (webtiles) character file.

Game seed: 6517305801468628388

28074 javelincjr the Fighter (level 13, -13/102 HPs)
             Began as a Djinni Conjurer on Mar 17, 2023.
             Was a High Priest of Makhleb.
             Engulfed by a cloud of freezing vapour (34 damage)
             ... in an ice cave.
             The game lasted 01:01:51 (14498 turns).

javelincjr the Fighter (Djinni Conjurer)           Turns: 14498, Time: 01:01:51

Health: -13/102    AC: 21    Str: 10    XL:     13   Next: 70%
Gold:   604        EV: 18    Int: 20    God:    Makhleb [*****.] SH:  3 Dex: 10

rFire   + + .      SeeInvis .   p - +4 sling of Ruination {venom, Fly rPois rN++ Dex-3}
rCold   x . .      Faith    .   I - +0 buckler
rNeg    + + .      Spirit   .   V - +2 troll leather armour
rPois   ∞          Reflect  .   l - +1 helmet
rElec   .          Harm     .   (no cloak)
rCorr   .          Rampage  .   M - +0 pair of gloves
Will    +....                   (boots unavailable)
Stlth   +++.......              A - amulet of regeneration
HPRegen 1.87/turn               j - +4 ring of evasion
MPRegen 0.00/turn               E - +4 ring of protection

@: ice-armoured, flying
A: sickness immunity, fire resistance 2, cold vulnerability 1, float, innate
caster, HP casting, extra vitality 1
a: Renounce Religion, Minor Destruction, Lesser Servant of Makhleb, Major
Destruction, Greater Servant of Makhleb


You were in an ice cave.
You worshipped Makhleb.
Makhleb was extremely pleased with you.
You visited 2 branches of the dungeon, and saw 14 of its levels.
You also visited: Bailey and Ice Cave.

You collected 788 gold pieces.
You spent 184 gold pieces at shops.

Inventory:

Hand Weapons
 f - a +0 morningstar of draining
 h - a +2 dagger of protection
 p - the +4 sling of Ruination (weapon) {venom, Fly rPois rN++ Dex-3}
   (You bought it in a shop on level 2 of the Dungeon)

   Any ammunition fired from it poisons the flesh of those it strikes.
   Dex:       It affects your dexterity (-3).
   rPois:     It protects you from poison.
   rN:        It greatly protects you from negative energy.
   Fly:       It grants you flight.
 G - a +4 hand axe
 R - a +4 falchion
Missiles
 D - 2 silver boomerangs
 S - 2 throwing nets
Armour
 g - +0 steam dragon scales
 l - a +1 helmet (worn)
 q - +0 acid dragon scales
 I - a +0 buckler (worn)
 M - a +0 pair of gloves (worn)
 N - the +0 ring mail of Happy Babbling {Str+2 Dex+3}
   (You found it on level 11 of the Dungeon)

   Str:       It affects your strength (+2).
   Dex:       It affects your dexterity (+3).
 O - a +2 robe of willpower
 P - a +1 scale mail of fire resistance
 Q - a +0 leather armour of cold resistance
 V - a +2 troll leather armour (worn)
Magical Staves
 F - a staff of fire
Jewellery
 j - a +4 ring of evasion (left hand)
 A - an amulet of regeneration (around neck)
 E - a +4 ring of protection (right hand)
 T - a +4 ring of protection
Wands
 w - a wand of paralysis (10)
 y - a wand of roots (15)
 z - a wand of acid (16)
 L - a wand of digging (5)
 X - a wand of flame (9)
Scrolls
 e - 7 scrolls of butterflies
 k - 6 scrolls of fear
 n - 10 scrolls of teleportation
 o - 4 scrolls of blinking
 t - a scroll of poison
 u - 2 scrolls of enchant weapon
 B - a scroll of summoning
 J - a scroll of magic mapping
 K - a scroll of vulnerability
 U - a scroll of brand weapon
 W - a scroll of identify
Potions
 b - 2 potions of brilliance
 c - 5 potions of heal wounds
 d - 2 potions of might {unknown}
 i - 2 potions of cancellation {unknown}
 m - 2 potions of degeneration {unknown}
 r - 5 potions of haste
 s - 4 potions of curing
 v - 2 potions of lignification
 x - a potion of mutation
 C - a potion of ambrosia {unknown}
 H - 2 potions of invisibility {unknown}


   Skills:
 * Level 12.9 Fighting
 + Level 6.1 Armour
 + Level 10.4 Dodging
 + Level 6.0 Stealth
 + Level 1.8 Shields
 * Level 9.5 Spellcasting
 + Level 6.2 Invocations


You couldn't memorise any spells.
You knew the following spells:

 Your Spells              Type           Power      Damage    Failure   Level
a - Magic Dart            Conj           100%       1d8       1%          1
b - Searing Ray           Conj           94%        2d7       1%          2
c - Dazzling Flash        Conj/Hex       94%        N/A       1%          3
d - Fulminant Prism       Conj/Hex       23%        3d13      2%          4
e - Iskenderun's Mystic   Conj/Tloc      47%        2d10      2%          4
f - Summon Small Mammal   Summ           100%       N/A       1%          1
g - Scorch                Fire           94%        2d10      1%          2
h - Swiftness             Air            47%        N/A       1%          3
i - Ozocubu's Armour      Ice            47%        N/A       1%          3
j - Iskenderun's Battles  Conj           47%        2d10      7%          5
k - Yara's Violent Unrav  Hex/Tmut       23%        3d10      7%          5
Your spell library was empty.

Dungeon Overview and Level Annotations

Branches:
Dungeon (13/15)            Temple (1/1) D:6            Lair (0/5) D:10
    Orc (0/2) D:10         Bailey (visited)           IceCv (1/1)
 Vaults: D:13-14

Altars:
Ashenzari
Cheibriados
Dithmenos
Elyvilon
Fedhas
Gozag
Hepliaklqana
Makhleb
Nemelex Xobeh
Okawaru
Qazlal
Ru
Trog
Uskayaw
Wu Jian
Xom
Yredelemnul
Zin
The Shining One

Shops:
D:2 *

Annotations:
D:10 Nergalle
D:11 3 runed translucent doors, Seidenschwarz's ghost, journeyman MiFi; mkat's ghost, journeyman MeHu; sigtrap's ghost, journeyman KoBr


Innate Abilities, Weirdness & Mutations

You are immune to sickness and miasma.
You are immune to poison.
Your flesh is very heat resistant. (rF++)
You are vulnerable to cold. (rC-)
You float through the air rather than walking.
You learn spells naturally, not from books.
Your magical power is your life essence.
You have superior vitality. (+4 MHP)


Message History

Your fulminant prism explodes!
The blast of energy engulfs the ice statue!!
The ice statue is severely damaged.
You hear a shout!
Casting: Fulminant Prism (mildly dangerous; 2% risk of failure)
Confirm with . or Enter, or press ? or * to list all spells.
Aiming: Fulminant Prism (mildly dangerous; 2% risk of failure)
Press: ? - help, Dir - move target You conjure a prism of explosive energy!
A fulminant prism comes into view.
The ice statue gestures at you. The freezing blast engulfs you!
You feel a terrible chill!
Your fulminant prism crackles loudly.
Casting: Fulminant Prism (mildly dangerous; 2% risk of failure)
Confirm with . or Enter, or press ? or * to list all spells.
Aiming: Magic Dart (safe; 1% risk of failure)
Press: ? - help, Shift-Dir - straight line, f - ice statue
Aim: an ice statue (severely damaged, ally target, 100% to hit)
The magic dart hits the ice statue.
The ice statue is severely damaged.
You are engulfed in freezing vapours.
The ice statue glitters chillingly in the dim dungeon light.
Your fulminant prism crackles loudly.
Your fulminant prism explodes!
Makhleb accepts your kill.
You feel a bit more experienced.
The blast of energy engulfs the ice statue!!
You destroy the ice statue!
Makhleb accepts your kill.
The blast of energy engulfs the death yak simulacrum!!
The death yak simulacrum is heavily damaged.
You are engulfed in freezing vapours.
Your fulminant prism explodes!
The blast of energy engulfs the death yak simulacrum!!
The death yak simulacrum is almost destroyed.
You are engulfed in freezing vapours.
* * * LOW HITPOINT WARNING * * *
A cane toad simulacrum comes into view.
You are engulfed in freezing vapours.
You die...

##.##
#..##
##..#
##.##
#..##
##..#
#.°##
##○##
#@.#
#.Z.°..##
#.Z^..°#
#.....##
#....##
....#
..## ..


You could see a death yak simulacrum and a cane toad simulacrum.

Vanquished Creatures
  Snorg (D:10)
  Harold (D:10)
  2 hydras
  Erolcha (D:10)
  2 vault guards (Bailey)
  A boulder beetle (D:12)
  A centaur warrior (D:13)
  A two-headed ogre (D:9)
  A death yak (D:10)
  5 skeletal warriors (D:12)
  A deep elf pyromancer (D:12)
  2 cyclopes
  2 manticores
  An ugly thing (IceCv)
  2 centaur zombies (D:12)
  An elephant (D:10)
  An ice statue (IceCv)
  Maggie (D:6)
  A gargoyle (D:11)
  2 rime drakes (D:13)
  4 kobold demonologists
  The ghost of grumposus the Geomancer, a novice GrEE (D:4)
  A freezing wraith (IceCv)
  4 trolls
  Grinder (D:5)
  Prince Ribbit (Bailey)
  A shadow (D:10)
  A wraith (D:9)
  A wyvern (D:9)
  A steam dragon (D:10)
  21 yaks
  A basilisk (D:10)
  5 humans (Bailey)
  4 vampire mosquitoes (D:13)
  A death yak simulacrum (IceCv)
  2 hydra simulacra (IceCv)
  An acid dragon (D:9)
  2 two-headed ogre zombies (D:10)
  3 water moccasins
  3 black bears
  An ice beast (D:8)
  3 orc warriors
  2 sky beasts (D:7)
  4 centaurs
  A gnoll sergeant (D:12)
  3 phantoms
  2 kobold brigands (D:11)
  16 bullfrogs
  2 cane toad simulacra (IceCv)
  2 two-headed ogre simulacra (IceCv)
  3 necrophages
  3 scorpions
  8 wights
  3 elephant simulacra (IceCv)
  A troll zombie (D:10)
  6 killer bees
  A howler monkey (D:9)
  4 hounds (D:5)
  A gnoll bouda (D:5)
  3 jellies
  9 orc priests
  6 iguanas
  9 orc wizards
  2 polar bear simulacra (IceCv)
  3 wolf simulacra (IceCv)
  5 ogre zombies (D:10)
  Robin (D:2)
  6 gnolls
  7 adders
  2 naga simulacra (IceCv)
  2 shadow imps
  2 white imps
  4 ufetubi
  A worm (D:3)
  A dart slug (D:5)
  33 orcs
  9 ball pythons
  6 endoplasms
  A giant cockroach (D:1)
  26 goblins
  10 hobgoblins
  6 jackals (D:5)
  7 kobolds
  5 quokkas
  10 bats
  3 frilled lizards
  A goblin skeleton (D:10)
  3 goblin zombies (D:10)
  3 hobgoblin zombies (D:10)
  5 orc skeletons (D:10)
  13 orc zombies (D:10)
  5 rats
364 creatures vanquished.

Vanquished Creatures (others)
  68 fulminant prisms
  2 withered plants (D:11)
70 creatures vanquished.

Grand Total: 434 creatures vanquished

Notes
Turn   | Place    | Note
-------+----------+-------------------------------------------
     0 | D:1      | javelincjr the Djinni Conjurer began the quest for the Orb.
     0 | D:1      | javelincjr set off with the following spells memorised:
                  | Magic Dart, Searing Ray, Dazzling Flash, Fulminant Prism,
                  | Iskenderun's Mystic Blast.
     0 | D:1      | Reached XP level 1. HP: 15/15 MP: 0/0
   233 | D:1      | Reached XP level 2. HP: 20/21 MP: 0/0
   615 | D:1      | Found a faded altar of an unknown god.
   818 | D:1      | Reached XP level 3. HP: 23/26 MP: 0/0
   818 | D:1      | Learned a level 1 spell: Summon Small Mammal
  1260 | D:2      | Reached skill level 1 in Fighting
  1785 | D:2      | Reached XP level 4. HP: 32/32 MP: 0/0
  1860 | D:2      | Noticed Robin
  1882 | D:2      | Reached skill level 2 in Fighting
  1984 | D:2      | Killed Robin
  2220 | D:2      | Found Quheq's Assorted Antiques.
  2238 | D:2      | Bought a jewelled sling for 143 gold pieces
  2238 | D:2      | Identified the +4 sling of Ruination {venom, Fly rPois rN++
                  | Dex-3} (You bought it in a shop on level 2 of the Dungeon)
  2239 | D:2      | Bought a glowing brown potion for 19 gold pieces
  2239 | D:2      | Bought a scroll labelled GEDANG VICLOM for 22 gold pieces
  2303 | D:3      | Reached XP level 5. HP: 29/38 MP: 0/0
  2303 | D:3      | Learned a level 2 spell: Scorch
  2601 | D:3      | You are sucked into a shaft and drop 1 floor!
  2808 | D:3      | Reached skill level 3 in Fighting
  3177 | D:4      | Reached XP level 6. HP: 43/46 MP: 0/0
  3241 | D:4      | Found a basalt altar of Yredelemnul.
  3243 | D:4      | Noticed a profane servitor
  3258 | D:4      | Found a glowing golden altar of the Shining One.
  3260 | D:4      | Noticed an angel
  3488 | D:4      | Reached skill level 4 in Fighting
  3713 | D:4      | Reached XP level 7. HP: 52/52 MP: 0/0
  3713 | D:4      | Learned a level 3 spell: Swiftness
  4223 | D:4      | Found a broken altar of Ashenzari.
  4351 | D:5      | Entered Level 5 of the Dungeon
  4358 | D:5      | Found a runed translucent gate.
  4358 | D:5      | Found a runed translucent gate.
  4358 | D:5      | Found a runed translucent gate.
  4359 | D:5      | Noticed grumposus's ghost (novice GrEE)
  4474 | D:5      | Noticed Grinder
  4475 | D:5      | Paralysed by Grinder for 3 turns
  4497 | D:5      | Killed Grinder
  4498 | D:5      | Reached skill level 5 in Fighting
  4776 | D:5      | Reached skill level 5 in Dodging
  4776 | D:5      | Reached XP level 8. HP: 56/60 MP: 0/0
  5206 | D:5      | Reached skill level 6 in Fighting
  5877 | D:5      | Reached skill level 5 in Spellcasting
  6007 | D:5      | HP: 2/62 [something (12)]
  6338 | D:5      | Reached skill level 7 in Fighting
  6338 | D:5      | Reached XP level 9. HP: 52/68 MP: 0/0
  6338 | D:5      | Learned a level 3 spell: Ozocubu's Armour
  6355 | D:4      | HP: 3/68 [grumposus's ghost (2)]
  6360 | D:4      | Killed grumposus's ghost
  7208 | D:6      | Found a staircase to the Ecumenical Temple.
  7216 | Temple   | Entered the Ecumenical Temple
  7274 | Temple   | Became a worshipper of Makhleb the Destroyer
  7615 | D:6      | Reached skill level 8 in Fighting
  7680 | D:6      | Found an ornate altar of the Wu Jian Council.
  7683 | D:6      | Found an opulent altar of Gozag.
  7683 | D:6      | Found a bloodstained altar of Trog.
  7683 | D:6      | Found a white marble altar of Elyvilon.
  7695 | D:6      | Found Voill's Weapon Shop.
  7758 | D:7      | Noticed Maggie
  8070 | D:6      | Killed Maggie
  8377 | D:7      | Reached skill level 9 in Fighting
  8516 | D:7      | Found a hazy altar of Hepliaklqana.
  8553 | D:7      | Reached XP level 10. HP: 70/78 MP: 0/0
  9611 | D:8      | Reached * piety under Makhleb
  9634 | D:8      | Reached skill level 1 in Armour
  9810 | D:8      | Reached skill level 1 in Invocations
 10098 | D:9      | Reached skill level 10 in Fighting
 10226 | D:9      | Found a flagged portal.
 10263 | D:9      | Noticed a two-headed ogre
 10265 | D:9      | Reached ** piety under Makhleb
 10266 | D:9      | Reached XP level 11. HP: 55/85 MP: 0/0
 10266 | D:9      | Learned a level 5 spell: Iskenderun's Battlesphere
 10270 | D:9      | Killed a two-headed ogre
 10313 | Bailey   | Entered a bailey
 10471 | Bailey   | Noticed a vault guard
 10471 | Bailey   | Noticed Prince Ribbit
 10475 | Bailey   | Killed Prince Ribbit
 10485 | Bailey   | Killed a vault guard
 10526 | Bailey   | Noticed a vault guard
 10544 | Bailey   | Killed a vault guard
 11076 | D:10     | Entered Level 10 of the Dungeon
 11093 | D:10     | Reached skill level 11 in Fighting
 11098 | D:10     | Reached *** piety under Makhleb
 11112 | D:10     | Noticed an elephant
 11113 | D:10     | Noticed Nergalle
 11432 | D:10     | Found a staircase to the Orcish Mines.
 11453 | D:10     | Killed an elephant
 11577 | D:10     | Reached XP level 12. HP: 94/94 MP: 0/0
 11581 | D:10     | Noticed a death yak
 11583 | D:10     | Noticed Snorg
 11619 | D:10     | Killed a death yak
 11619 | D:10     | Reached **** piety under Makhleb
 11621 | D:10     | Killed Snorg
 11676 | D:10     | Noticed Erolcha
 11682 | D:10     | Killed Erolcha
 11820 | D:10     | Noticed Harold
 11831 | D:10     | Killed Harold
 11930 | D:10     | Found a staircase to the Lair.
 12449 | D:11     | Noticed a five-headed hydra
 12456 | D:11     | Killed a five-headed hydra
 12477 | D:11     | Reached skill level 5 in Stealth
 12618 | D:11     | Found a runed translucent gate.
 12618 | D:11     | Found a runed translucent gate.
 12618 | D:11     | Found a runed translucent gate.
 12722 | D:11     | Reached skill level 5 in Armour
 12722 | D:11     | Reached skill level 5 in Invocations
 12782 | D:11     | Identified the +1 leather armour of Fapic {Drain Str+2
                  | SInv}
 12858 | D:11     | Noticed Seidenschwarz's ghost (journeyman MiFi)
 12859 | D:11     | Noticed mkat's ghost (journeyman MeHu)
 12859 | D:11     | Noticed Seidenschwarz's ghost (journeyman MiFi)
 12859 | D:11     | Noticed sigtrap's ghost (journeyman KoBr)
 12897 | D:11     | Identified the +0 ring mail of Happy Babbling {Str+2 Dex+3}
 13214 | D:12     | Noticed a five-headed hydra
 13220 | D:12     | Reached skill level 12 in Fighting
 13221 | D:12     | Noticed a boulder beetle
 13223 | D:12     | Killed a five-headed hydra
 13248 | D:12     | Killed a boulder beetle
 13297 | D:12     | Reached XP level 13. HP: 89/101 MP: 0/0
 13297 | D:12     | Learned a level 5 spell: Yara's Violent Unravelling
 13628 | D:12     | Reached skill level 10 in Dodging
 13945 | D:12     | Found a basalt altar of Yredelemnul.
 14101 | D:13     | Noticed a centaur warrior
 14110 | D:13     | Killed a centaur warrior
 14112 | D:13     | Reached skill level 1 in Shields
 14270 | D:13     | Found a frozen archway.
 14286 | D:13     | Reached ***** piety under Makhleb
 14367 | IceCv    | Entered an ice cave
 14498 | IceCv    | Engulfed by a cloud of freezing vapour

Illustrated notes

Levels and vault maps discovered:
D:1:      minmay_arrival_hallway, layout_loops_ring,
          shapermc_ecumenical_altar_ellora, grunt_decor_one_mirror
D:2:      layout_rooms, serial_shops, shop, uniq_robin
D:3:      layout_loops_ring, minmay_misc_feat_ornament, kennysheep_potato
D:4:      layout_loops_corners, grunt_temple_overflow_holy_war,
          ashenzari_altar_1
D:5:      layout_basic, fiery_altar_vehumet, gammafunk_ghost_split,
          kennysheep_opposing_triangles, uniq_grinder
D:6:      layout_loops_cross, grunt_temple_overflow_open,
          minmay_temple_entry_gardened_gates, serial_shops,
          nicolae_shop_window_shopping
D:7:      layout_loops_ring, mainiacjoe_overflow_24_doors, uniq_maggie
D:8:      layout_basic
D:9:      layout_loops_ring, enter_bailey_6
D:10:     layout_layer_cave, david_lair_generic, zombieorc2_lemuel, uniq_harold,
          uniq_erolcha, uniq_snorg, uniq_nergalle
D:11:     layout_gridville, gammafunk_ghost_cemetery, grunt_decor_cap
D:12:     layout_loops_ring, lemuel_zombie_altar_yredelemnul
D:13:     layout_loops_ring, portal_ice_cave_rime
Temple:   nicolae_temple_figure_eight
IceCv:    ice_cave_small_necro

Skill      XL: |  1  2  3  4  5  6  7  8  9 10 11 12 13 |
---------------+----------------------------------------+-----
Fighting       | 1 2 3 4 5 7 9 10 11 12 | 12.9
Dodging        | 3 4 5 6 7 8 9 10 | 10.4
Spellcasting   | 4 5 6 7 8 9 |  9.5
Stealth        | 3 4 5 6 |  6.0
Armour         | 2 4 5 6 |  6.1
Invocations    | 2 4 5 6 |  6.2
Shields        | 1 |  1.8

Action                   |  1- 3 |  4- 6 |  7- 9 | 10-12 | 13-15 || total
-------------------------+-------+-------+-------+-------+-------++-------
Melee: Dagger            |    56 |       |       |       |       ||    56
 Fire: Sling             |     4 |   113 |   118 |    89 |    10 ||   334
 Cast: Magic Dart        |    31 |       |       |   100 |    20 ||   151
       Searing Ray       |       |     6 |     3 |     2 |       ||    11
       Scorch            |       |     7 |    41 |    39 |    39 ||   126
       Iskenderun's Myst |       |     5 |    44 |   116 |    52 ||   217
       Summon Small Mamm |       |     1 |     1 |       |       ||     2
       Fulminant Prism   |       |       |     6 |    48 |    14 ||    68
       Iskenderun's Batt |       |       |       |    26 |     5 ||    31
       Ozocubu's Armour  |       |       |       |     2 |     1 ||     3
       Swiftness         |       |       |       |     1 |       ||     1
       Dazzling Flash    |       |       |       |     1 |       ||     1
       Yara's Violent Un |       |       |       |       |     8 ||     8
  Use: Potion            |       |       |     7 |     1 |       ||     8
       Scroll            |       |       |     9 |     8 |     2 ||    19
 Stab: Sleeping          |     2 |       |       |       |       ||     2
Armor: Robe              |    13 |     8 |    24 |       |       ||    45
       Skin              |       |       |     1 |       |       ||     1
       Steam dragon scal |       |       |       |    20 |       ||    20
       Troll leather arm |       |       |       |     4 |    20 ||    24
Dodge: Dodged            |    59 |    50 |    93 |    90 |    53 ||   345
Block: Buckler           |       |       |       |       |     8 ||     8
